 Dungeon Crawl Stone Soup version 0.17-a0-1701-gf693a3f (webtiles) character file.

38 urechis the Changer (level 3, -1/31 HPs)
             Began as a Naga Transmuter on Aug 21, 2015.
             Slain by a hobgoblin
             ... wielding a +0 club
              (3 damage)
             ... on level 2 of the Dungeon.
             The game lasted 00:04:19 (1469 turns).

urechis the Changer (Naga Transmuter)               Turns: 1469, Time: 00:04:19

Health: -1/31      AC:  5    Str: 12    XL:     3   Next: 43%
Magic:  5/6        EV: 10    Int: 19    God:
Gold:   41         SH:  2    Dex: 11    Spells: 3 memorised, 0 levels left

rFire  . . .     SeeInvis +       - Unarmed
rCold  . . .     Clarity  .     b - +0 robe
rNeg   . . .     SustAt   .     (no shield)
rPois  +         Gourm    .     (no helmet)
rElec  .         Spirit   .     k - +0 cloak
rCorr  .         Warding  .     (no gloves)
rMut   .         Stasis   .     (no barding)
MR     .....                    (no amulet)
Stlth  +.........               (no ring)
                                f - +5 ring of slaying

@: brilliant, appendage (expiring), very slow, not resistant to hostile
enchantments, very unstealthy
A: horns 2, large bone plates 1, see invisible, deformed body, poison
resistance, slowness 2, slow metabolism 1, spit poison 2, AC +1
a: Spit Poison, End Transformation


You were on level 2 of the Dungeon.
You were not hungry.
You had grown temporary horns.
You visited 1 branch of the dungeon, and saw 2 of its levels.

You collected 41 gold pieces.

Inventory:

Missiles
 a - 12 arrows
Armour
 b - a +0 robe (worn)
 k - a +0 cloak (worn)
Jewellery
 f - a +5 ring of slaying (left hand)
Scrolls
 e - a scroll of recharging {unknown}
 m - a scroll of enchant armour {unknown}
Books
 c - a book of Changes

   Spells                             Type                      Level
   a - Beastly Appendage              Transmutation                1
   b - Sticks to Snakes               Transmutation                2
   c - Spider Form                    Transmutation/Poison         3
   d - Ice Form                       Ice/Transmutation            4
   e - Blade Hands                    Transmutation                5
Comestibles
 d - a bread ration
 i - a slice of pizza
 l - a meat ration
 n - 5 chunks of flesh


   Skills:
 - Level 1.0 Fighting
 - Level 1.5 Dodging
 - Level 3.0 Unarmed Combat
 - Level 2.0 Spellcasting
 + Level 3.7 Transmutations


You couldn't memorise any spells.
You knew the following spells:

 Your Spells              Type           Power        Failure   Level  Hunger
a - Beastly Appendage     Trmt           ####..       1%          1    #......
b - Sticks to Snakes      Trmt           ####......   1%          2    ###....
c - Spider Form           Trmt/Pois      ###.......   3%          3    ###....


Dungeon Overview and Level Annotations

Branches:
Dungeon (2/15)

Altars:


Innate Abilities, Weirdness & Mutations

You cannot wear boots.
Your serpentine skin is tough (AC +1).
You have supernaturally acute eyesight.
Armour fits poorly on your strangely shaped body.
Your system is resistant to poisons.
You cover ground very slowly.
You have a slow metabolism.
You can spit poison.
You have a pair of horns on your head.
You are partially covered in large bone plates (AC +2, SH +2).


Message History

It was a potion of curing.
You feel better.
Your transformation is almost over.
The hobgoblin barely misses you. The adder bites you but does no damage.
The goblin hits you with a club.
* * * LOW HITPOINT WARNING * * *
The adder bites you.
* * * LOW HITPOINT WARNING * * *
Drink which item? (? for menu, Esc to quit)
It was a potion of beneficial mutation.
Large bone plates grow over parts of your arms.
You feel fantastic! The adder barely misses you. The adder closely misses you.
The hobgoblin hits you but does no damage.
The goblin hits you with a club.
* * * LOW HITPOINT WARNING * * *
Drink which item? (? for menu, Esc to quit)
It was a potion of brilliance.
You feel clever all of a sudden. The adder closely misses you.
The adder bites you but does no damage. The hobgoblin hits you with a club.
You die...

. #.#
##.......## ###.
#.# #..######
..#.###.####.##
.............#
........########
.....#........S.
####.....######
####..SS####..
#.....@g......=
...####.g.......
# ###.##.### ..#
.. #.# ## .. .#.
.<


You could see 2 adders, a hobgoblin and a goblin.

Vanquished Creatures
  2 oozes
  A giant gecko (D:1)
  2 giant cockroaches (D:1)
  4 hobgoblins (D:1)
  2 jackals (D:2)
  3 bats (D:1)
  4 giant newts (D:1)
  7 goblins
  A kobold (D:1)
  3 rats (D:1)
29 creatures vanquished.

Notes
Turn   | Place    | Note
--------------------------------------------------------------
     0 | D:1      | urechis the Naga Transmuter began the quest for the Orb.
     0 | D:1      | Reached XP level 1. HP: 18/18 MP: 3/3
   349 | D:1      | Reached XP level 2. HP: 6/25 MP: 3/5
  1029 | D:1      | Reached XP level 3. HP: 27/31 MP: 6/6
  1033 | D:1      | Learned a level 2 spell: Sticks to Snakes
  1037 | D:1      | Learned a level 3 spell: Spider Form
  1468 | D:2      | Gained mutation: You are partially covered in large bone plates (AC +2, SH +2). [potion of beneficial mutation]
  1468 | D:2      | HP: 1/31 [goblin/club (2)]
  1469 | D:2      | Slain by a hobgoblin

Vault maps used:
D:1:      minmay_arrival_plants_in_alcoves
D:2:      lemuel_crystal_altar

Action                   || total
-------------------------++-------
Melee: Unarmed           ||    75
 Cast: Beastly Appendage ||    10
 Abil: Spit Poison       ||    16
  Use: Potion            ||     3
  Eat: Chunk             ||     2
